 Dungeon Crawl Stone Soup version 0.18-b1-22-ge198996 (webtiles) character file.

74 Gingerlord the Ruffian (level 4, -6/29 HPs)
             Began as a Gargoyle Monk on May 3, 2016.
             Mangled by Apostate's ghost (11 damage)
             ... on level 3 of the Dungeon.
             The game lasted 00:04:11 (2205 turns).

Gingerlord the Ruffian (Gargoyle Monk)              Turns: 2205, Time: 00:04:12

Health: -6/29      AC:  9    Str: 16    XL:     4   Next: 30%
Magic:  4/4        EV:  6    Int: 10    God:
Gold:   105        SH:  0    Dex: 12    Spells: 0 memorised, 3 levels left

rFire  + . .     SeeInvis .       - Unarmed
rCold  . . .     Gourm    .     k - +0 ring mail
rNeg   + . .     Faith    .     (no shield)
rPois  ∞         Spirit   .     (no helmet)
rElec  +         Dismiss  .     (no cloak)
rCorr  .         Reflect  .     j - +0 pair of gloves
SustAt .         Harm     .     (no boots)
MR     .....                    (no amulet)
Stlth  +.........               (no ring)
                                g - ring of protection from fire

@: not resistant to hostile enchantments, very unstealthy
A: negative energy resistance 1, electricity resistance, unbreathing,
petrification resistance, rot immunity, AC +3
a: no special abilities


You were on level 3 of the Dungeon.
You were not hungry.

You visited 1 branch of the dungeon, and saw 3 of its levels.

You collected 105 gold pieces.

Inventory:

Armour
 j - a +0 pair of gloves (worn)
 k - a +0 ring mail (worn)
Jewellery
 g - a ring of protection from fire (left hand)
Wands
 f - a wand of lightning (7/15)
Scrolls
 a - a scroll of fear {unknown}
 c - 2 scrolls of remove curse {unknown}
 h - a scroll of blinking {unknown}
 l - a scroll of fog {unknown}
 m - a scroll of magic mapping {unknown}
 n - a scroll of recharging {unknown}
 p - a scroll of identify
Potions
 d - a potion of curing {unknown}
 e - a potion of cure mutation {unknown}
 i - a potion of mutation {unknown}
Comestibles
 b - 3 bread rations
 o - a meat ration


   Skills:
 + Level 4.0 Fighting
 + Level 0.9 Armour
 + Level 3.0 Dodging
 - Level 2.1 Stealth
 + Level 4.5 Unarmed Combat


You had 3 spell levels left.
You didn't know any spells.

Dungeon Overview and Level Annotations

Branches:
Dungeon (3/15)

Altars:
Trog

Annotations:
D:3 Apostate's ghost, amateur GrGl; Sigmund


Innate Abilities, Weirdness & Mutations

You are resistant to torment.
Your stone body is resilient (AC +3).
You are immune to poison.
You resist negative energy.
You are resistant to electric shocks.
You can survive without breathing.
You are immune to petrification.
You are immune to rotting.


Message History

Apostate's ghost is moderately damaged.
Apostate's ghost hits you. The goblin hits you but does no damage.
You hit Apostate's ghost.
Apostate's ghost is heavily damaged.
Apostate's ghost hits you.
* * * LOW HITPOINT WARNING * * *
The goblin hits you but does no damage.
You are too injured to fight recklessly!
You are too injured to fight recklessly!
You are too injured to fight recklessly!
You are too injured to fight recklessly!
You are too injured to fight recklessly!
You are too injured to fight recklessly!
You are too injured to fight recklessly!
Unknown command.
Drink which item? (? for menu, Esc to quit)
Okay, then.
There is a stone staircase leading down here.
Apostate's ghost hits you!
You die...

#...............#
#.#############.# #.# #)#
###############.#############.#
............g.................#
###############g###############
....# #.# #.........# ..#.#
#########W## #.#######.#
.........)......@# #.# #.#
#.#.## #####.....# #.# #.# # #
#....#####.# #.# ##.#.......#
#.# ........####..# #.#
#####.### #..# #.# .... ...#
#.# ###.# ##.## #.# #.# ..# #.#


You could see Apostate's ghost and a goblin.

Vanquished Creatures
  An adder (D:3)
  4 worms
  2 dart slugs (D:2)
  2 giant geckos (D:1)
  3 orcs (D:3)
  5 bats (D:1)
  2 giant cockroaches
  3 goblins
  A hobgoblin (D:2)
  2 jackals (D:1)
  A quokka (D:3)
  2 ball pythons (D:1)
  A giant newt (D:1)
  6 kobolds
  12 rats
47 creatures vanquished.

Notes
Turn   | Place    | Note
--------------------------------------------------------------
     0 | D:1      | Gingerlord the Gargoyle Monk began the quest for the Orb.
     0 | D:1      | Reached XP level 1. HP: 14/14 MP: 1/1
   140 | D:1      | You fall through a shaft!
   166 | D:2      | Reached XP level 2. HP: 15/19 MP: 2/2
   595 | D:1      | Reached XP level 3. HP: 24/24 MP: 3/3
  1007 | D:2      | Noticed a moth of wrath
  1053 | D:2      | Found a bloodstained altar of Trog.
  1338 | D:3      | Noticed Sigmund
  1610 | D:2      | Noticed a centaur
  1633 | D:3      | Reached XP level 4. HP: 21/29 MP: 4/4
  2168 | D:3      | Noticed Apostate's ghost (amateur GrGl)
  2205 | D:3      | Mangled by Apostate's ghost

Skill      XL: |  1  2  3  4 |
---------------+-------------+-----
Fighting       | 4 |  4.0
Dodging        | 3 |  3.0
Armour         | |  0.9
Stealth        | |  2.1
Unarmed Combat | |  4.5

Action                   |  1- 3 |  4- 6 || total
-------------------------+-------+-------++-------
Melee: Unarmed           |   131 |    58 ||   189
       Punch             |     2 |       ||     2
  Use: Scroll            |     2 |       ||     2
 Stab: Sleeping          |     2 |     1 ||     3
  Eat: Meat ration       |     1 |       ||     1
       Chunk             |     1 |       ||     1
Armor: Robe              |    20 |       ||    20
       Ring mail         |    19 |    18 ||    37
Dodge: Dodged            |    74 |    34 ||   108
